 Dungeon Crawl Stone Soup version 0.30-a0-743-gbfdf073431 (webtiles) character file.

Game seed: 1155951016371037229

11 Hubris850 the Grasshopper (level 2, -4/14 HPs)
             Began as a Spriggan Warper on Feb 7, 2023.
             Slain by a gnoll
             ... wielding a +0 spear
              (8 damage)
             ... on level 1 of the Dungeon.
             The game lasted 00:02:29 (459 turns).

Hubris850 the Grasshopper (Spriggan Warper)          Turns: 459, Time: 00:02:29

Health: -4/14      AC:  2    Str:  7    XL:     2   Next: 17%
Magic:  7/7        EV: 17    Int: 14    God:
Gold:   38         SH:  0    Dex: 14    Spells: 5/7 levels left

rFire   . . .      SeeInvis +    a - +0 short sword
rCold   . . .      Faith    .    (no shield)
rNeg    . . .      Spirit   .    b - +0 robe
rPois   .          Reflect  .    (helmet restricted)
rElec   .          Harm     .    (no cloak)
rCorr   .          Rampage  .    (gloves unavailable)
Will    .....                    (boots unavailable)
Stlth   ++                       (no amulet)
HPRegen 0.22/turn                (no ring)
MPRegen 0.10/turn                (no ring)

@: very quick
A: very small, no large weapons, unfitting armour, see invisible, speed 3
a: no special abilities


You were on level 1 of the Dungeon.
You visited 1 branch of the dungeon, and saw 1 of its levels.

You collected 38 gold pieces.

Inventory:

Hand Weapons
 a - a +0 short sword (weapon)
Missiles
 d - 2 boomerangs of dispersal (quivered)
Armour
 b - a +0 robe (worn)
Scrolls
 c - a scroll of blinking
Potions
 e - a potion of curing {unknown}
 f - 2 potions of brilliance {unknown}
 g - a potion of degeneration {unknown}
 h - a potion of might {unknown}


   Skills:
 - Level 1.5 Fighting
 + Level 2.5 Short Blades
 - Level 1.0 Throwing
 - Level 3.2 Dodging
 + Level 1.2 Stealth
 + Level 3.0 Spellcasting
 + Level 4.6 Translocations


You had 5 spell levels left.
You knew the following spells:

 Your Spells              Type           Power      Damage    Failure   Level
a - Blink                 Tloc           30%        N/A       4%          2

Your spell library contained the following spells:

 Spells                   Type           Power      Damage    Failure   Level
 Lesser Beckoning         Tloc           30%        N/A       4%          2
 Teleport Other           Tloc           15%        N/A       10%         3
 Vhi's Electric Charge    Tloc/Air       16%        N/A       24%         3
 Manifold Assault         Tloc           15%        N/A       30%         4


Dungeon Overview and Level Annotations

Branches:
Dungeon (1/15)

Altars:


Innate Abilities, Weirdness & Mutations

You are very small and have problems with some larger weapons.
You are too small for most types of armour.
You have supernaturally acute eyesight. (SInv)
You cover ground extremely quickly. (Speed+++)


Message History

You start resting.
Magic restored.
You start resting.
HP restored.
Memorise Blink, consuming 2 spell levels and leaving 5?
You start memorising the spell.
You continue memorising. x2
You finish memorising.
Spell assigned to 'a'.
You see here a hobgoblin corpse.
You now have 38 gold pieces (gained 14).
Found a stone staircase leading down.
A kobold comes into view. It is wielding a +0 short sword.
A gnoll comes into view. It is wielding a +0 spear.
Found a bubbling white potion.
h - a bubbling white potion The kobold completely misses you.
You hit the kobold.
The kobold is heavily wounded.
You hit the kobold.
You kill the kobold!
The gnoll closely misses you. The gnoll closely misses you.
Things that are here:
a +0 short sword; a kobold corpse You hit the gnoll.
The gnoll is moderately wounded.
The gnoll closely misses you.
You hit the gnoll but do no damage.
The gnoll is moderately wounded.
The gnoll hits you with a +0 spear.
You hit the gnoll.
The gnoll is severely wounded.
You hit the gnoll but do no damage.
The gnoll is severely wounded.
The gnoll hits you with a +0 spear.
* * * LOW HITPOINT WARNING * * *
You hit the gnoll.
The gnoll is severely wounded.
The gnoll hits you with a +0 spear!
Ouch! That really hurt!
You die...

...>......................# ...
....................#.....###.#
.........##.........#####...#..
........###..#####.## ##......
........# #..### ... ........
........###....###########.....
...............................
....................# #......
..............@.....# #.###..
........###..g......#####.###..
........# #....###.............
........###.#### #.............
#...........######...........##
#...............##.........###.
..............##.........# #>
########.....##.........# #<
#.##..# .........# #.


You could see a gnoll.

Vanquished Creatures
  A giant cockroach (D:1)
  2 goblins (D:1)
  3 hobgoblins (D:1)
  A kobold (D:1)
  A quokka (D:1)
  A ball python (D:1)
9 creatures vanquished.

Notes
Turn   | Place    | Note
-------+----------+-------------------------------------------
     0 | D:1      | Hubris850 the Spriggan Warper began the quest for the Orb.
     0 | D:1      | Reached XP level 1. HP: 10/10 MP: 5/5
   240 | D:1      | Reached skill level 1 in Stealth
   267 | D:1      | Reached XP level 2. HP: 4/14 MP: 6/6
   333 | D:1      | Learned a level 2 spell: Blink
   459 | D:1      | Slain by a gnoll

Illustrated notes

Levels and vault maps discovered:
D:1:      dpeg_arrival_tiny_i, layout_basic, minmay_tetromino_s2

Skill      XL: |  1  2 |
---------------+-------+-----
Stealth        | 1 |  1.2
Spellcasting   | 3 |  3.0
Fighting       | |  1.5
Short Blades   | |  2.5
Throwing       | |  1.0
Dodging        | |  3.2
Translocations | |  4.6

Action                     || total
---------------------------++-------
  Melee: Short sword       ||    44
  Throw: Boomerang         ||     5
   Stab: Sleeping          ||     1
 Armour: Robe              ||     2
  Dodge: Dodged            ||    33

Table legend: (Time is in decaauts)
 A = Elapsed time spent in this place.
 B = Non-inter-level travel time spent in this place.
 C = Inter-level travel time spent in this place.
 D = Time resting spent in this place.
 E = Time spent auto-exploring this place.
 F = Levels seen in this place.
 G = Mean time per level.
                   A        B        C        D        E       F      G
               +--------+--------+--------+--------+--------+-----+--------+
         Total |    329 |    329 |      0 |     49 |    186 |   1 |  329.0 |
       Dungeon |    329 |    329 |      0 |     49 |    186 |   1 |  329.0 |
               +--------+--------+--------+--------+--------+-----+--------+

Top non-repeatable levels by time:
     D:1: 329 daAuts
